 Dungeon Crawl Stone Soup version 0.28.0-47-ge53b351184 (webtiles) character file.

Game seed: 1683627641148861752

499 issech the Cudgeller (level 6, -1/62 HPs)
             Began as a Troll Monk on Apr 26, 2022.
             Slain by an ice beast (3 damage)
             ... on level 6 of the Dungeon.
             The game lasted 00:11:27 (2938 turns).

issech the Cudgeller (Troll Monk)                   Turns: 2938, Time: 00:11:28

Health: -1/62      AC:  4    Str: 20    XL:     6   Next: 94%
Magic:  5/5        EV: 11    Int:  6    God:
Gold:   127        SH:  0    Dex: 14    Spells: 5/5 levels left

rFire   x . .      SeeInvis .   k - +2 flail (drain)
rCold   + . .      Faith    .   (no shield)
rNeg    . . .      Spirit   .   b - +0 robe
rPois   .          Reflect  .   (helmet restricted)
rElec   .          Harm     .   (no cloak)
rCorr   .          Rampage  .   (gloves unavailable)
Will    .....                   (boots unavailable)
Stlth   ++........              (no amulet)
HPRegen 1.00/turn               o - ring of wizardry
MPRegen 0.09/turn               j - ring of ice

@: studying Short Blades
A: large, unfitting armour, claws 3, regeneration 1, shaggy fur 1, tough skin 1
a: no special abilities


You were on level 6 of the Dungeon.
You visited 1 branch of the dungeon, and saw 6 of its levels.

You collected 127 gold pieces.

Inventory:

Hand Weapons
 a - a +0 mace
 k - a +2 flail of draining (weapon)
Missiles
 d - 61 stones (quivered)
 i - 16 sling bullets
 n - 13 poisoned darts
 p - 17 arrows
Armour
 b - a +0 robe (worn)
Jewellery
 j - a ring of ice (right claw)
 l - a ring of ice
 o - a ring of wizardry (left claw)
Scrolls
 g - 2 scrolls of identify
 r - a scroll of enchant armour
Potions
 c - a potion of lignification {unknown}
 e - 2 potions of curing {unknown}
 h - a potion of brilliance {unknown}
 m - a potion of cancellation {unknown}


   Skills:
 + Level 3.7 Fighting
 + Level 5.4 Maces & Flails
 + Level 1.0 Throwing
 + Level 3.4 Dodging
 + Level 1.3 Stealth


You had 5 spell levels left.
You didn't know any spells.
Your spell library contained the following spells:

 Spells                   Type           Power      Damage    Failure   Level
 Animate Dead             Necr           0%         N/A       86%         4
 Borgnjor's Vile Clutch   Necr/Erth      0%         N/A       99%         5
 Death Channel            Necr           0%         N/A       100%        6
 Haunt                    Necr/Summ      0%         N/A       100%        7
 Infestation              Necr           0%         N/A       100%        8


Dungeon Overview and Level Annotations

Branches:
Dungeon (7/15)
 Temple: D:4-7

Altars:
Vehumet
Xom
The Shining One

Shops:
D:6 :(


Innate Abilities, Weirdness & Mutations

You are too large for most types of armour.
You have claws for hands.
Your natural rate of healing is unusually fast.
You are covered in fur. (AC +1)
You have tough skin. (AC +1)


Message History

The adder barely misses you. The ice beast hits you. The ice beast freezes you.
You resist.
* * * LOW HITPOINT WARNING * * *
You closely miss the adder.
The adder is lightly wounded.
The adder bites you.
* * * LOW HITPOINT WARNING * * *
The ice beast hits you but does no damage.
The adder misses you.
You closely miss the adder.
The adder is lightly wounded.
The adder bites you but does no damage. The ice beast misses you.
Unknown command.
You barely miss the adder.
The adder is lightly wounded.
The adder bites you but does no damage. The ice beast hits you.
* * * LOW HITPOINT WARNING * * *
The ice beast freezes you. You resist.
* * * LOW HITPOINT WARNING * * *
The adder barely misses you.
You hit the adder. You drain the adder. Your claw misses the adder.
The adder is heavily wounded.
The adder closely misses you. The ice beast hits you.
* * * LOW HITPOINT WARNING * * *
The ice beast freezes you. You resist.
* * * LOW HITPOINT WARNING * * *
You barely miss the adder.
The adder is heavily wounded.
The adder closely misses you. The ice beast barely misses you.
The adder bites you but does no damage.
You closely miss the adder.
The adder is heavily wounded.
The ice beast hits you.
* * * LOW HITPOINT WARNING * * *
The ice beast freezes you. You resist.
* * * LOW HITPOINT WARNING * * *
The adder bites you but does no damage. The ice beast hits you.
* * * LOW HITPOINT WARNING * * *
The ice beast freezes you. You resist.
You die...

# . # # # #########
######### ........####
#⌠.@∩..⌠#
.Yh°°○.Y...###..SY≈..#
#######o##...#.≈≈≈≈≈.#
.## #.#..###.≈≈≈≈≈.#
..# ##h#...##.≈≈≈≈≈.#
..$# #..B....#..≈≈≈..#
...# #.S##..(##.....##
.#.# #..###.####†.###
.#.# #..# #.# #.##


You could see an ice beast and an adder (drained).

Vanquished Creatures
  A black bear (D:3)
  A wyvern skeleton (D:6)
  2 howler monkeys
  A hound (D:6)
  An iguana (D:3)
  2 orc wizards (D:6)
  3 gnolls (D:2)
  4 adders
  A shadow imp (D:6)
  2 ufetubi
  5 worms
  2 dart slugs
  An orc (D:3)
  7 bats
  2 endoplasms
  4 giant cockroaches
  6 goblins
  5 hobgoblins
  3 jackals (D:2)
  6 quokkas
  9 ball pythons
  3 frilled lizards
  6 kobolds
  7 rats
84 creatures vanquished.

Vanquished Creatures (others)
  A quokka (D:3)
1 creature vanquished.

Grand Total: 85 creatures vanquished

Notes
Turn   | Place    | Note
-------+----------+-------------------------------------------
     0 | D:1      | issech the Troll Monk began the quest for the Orb.
     0 | D:1      | Reached XP level 1. HP: 22/22 MP: 0/0
   182 | D:1      | Reached skill level 3 in Maces & Flails
   184 | D:1      | Reached XP level 2. HP: 28/29 MP: 1/1
   767 | D:2      | Reached XP level 3. HP: 34/36 MP: 2/2
  1069 | D:2      | Reached XP level 4. HP: 35/45 MP: 3/3
  1197 | D:2      | Found a faded altar of an unknown god.
  1836 | D:3      | Found a shimmering altar of Xom.
  1858 | D:3      | Reached skill level 4 in Maces & Flails
  1890 | D:3      | Reached XP level 5. HP: 53/53 MP: 4/4
  2093 | D:3      | Noticed a black bear
  2118 | D:3      | Killed a black bear
  2119 | D:3      | Reached XP level 6. HP: 55/61 MP: 5/5
  2207 | D:3      | Found a radiant altar of Vehumet.
  2267 | D:3      | Found a glowing golden altar of the Shining One.
  2560 | D:3      | Reached skill level 5 in Maces & Flails
  2560 | D:3      | Reached skill level 1 in Throwing
  2738 | D:4      | You fall into a shaft and drop 3 floors!
  2776 | D:6      | Noticed a sky beast
  2793 | D:6      | Noticed a boulder beetle
  2851 | D:6      | Found Benub's Book Boutique.
  2861 | D:6      | Noticed an ice beast
  2907 | D:6      | Found Suanid's Antique Weapon Boutique.
  2938 | D:6      | HP: 2/62 [ice beast (3)]
  2938 | D:6      | Slain by an ice beast

Illustrated notes

Levels and vault maps discovered:
D:1:      tarquinn_simple_flora_water_d, layout_basic
D:2:      layout_basic, shapermc_ecumenical_altar_mp_urbaneastern,
          nicolae_wormholes
D:3:      layout_loops_ring, xom_confusion_cloud,
          mainiacjoe_overflow_catch_the_wave, roderic_roman_lattice
D:4:      layout_loops_ring, gup_sewer_entry_bowl
D:6:      layout_loops_ring, lemuel_round_altar, minmay_temple_entry_nine_rooms,
          serial_shops, nicolae_lakefront_shop, shop, nicolae_lakefront_shop,
          nicolae_shop_trees, minmay_manual_mess
D:7:      layout_basic, hangedman_abyss_or_decor_lesser_grid

Skill      XL: |  1  2  3  4  5  6 |
---------------+-------------------+-----
Maces & Flails | 3 4 5 |  5.4
Fighting       | 3 |  3.7
Dodging        | 3 |  3.4
Throwing       | 1 |  1.0
Stealth        | |  1.3

Action                   |  1- 3 |  4- 6 || total
-------------------------+-------+-------++-------
Melee: Mace              |   116 |       ||   116
       Flail             |     3 |   147 ||   150
       Punch             |       |     2 ||     2
Throw: Stone             |    12 |    12 ||    24
  Use: Scroll            |       |     3 ||     3
 Stab: Sleeping          |       |     2 ||     2
Armor: Robe              |    42 |    94 ||   136
Dodge: Dodged            |    76 |   133 ||   209
